 Dungeon Crawl Stone Soup version 0.23-a0-449-g8e4cbf7b70 (webtiles) character file.

1260 kremius the Slicer (level 8, 0/64 HPs)
             Began as a Minotaur Chaos Knight on Nov 21, 2018.
             Was a Plaything of Xom.
             Slain by a harpy (1 damage)
             ... on level 6 of the Dungeon.
             The game lasted 00:24:06 (5931 turns).

kremius the Slicer (Minotaur Chaos Knight)          Turns: 5931, Time: 00:24:11

Health: 0/64       AC: 15    Str: 18    XL:     8   Next: 27%
Magic:  7/7        EV:  5    Int:  9    God:    Xom [.....*]
Gold:   357        SH:  0    Dex: 11    Spells: 7/7 levels left

rFire    . . .     SeeInvis +   a - +0 short sword (chaos)
rCold    . . .     Gourm    .   (no shield)
rNeg     . . .     Faith    .   d - +0 plate armour
rPois    .         Spirit   .   (helmet restricted)
rElec    .         Reflect  .   (no cloak)
rCorr    .         Harm     .   (no gloves)
MR       .....     Clarity  +   s - +0 pair of boots
Stlth    ..........             q - amulet of rage
HPRegen  0.20/turn              (no ring)
MPRegen  0.10/turn              g - ring of see invisible

@: very slightly contaminated, invisible
A: retaliatory headbutt, horns 2, slimy green scales 2, blink, clarity,
evolution 1, MP-powered wands
a: Blink, Renounce Religion, Evoke Berserk Rage


You were on level 6 of the Dungeon.
You worshipped Xom.
You were Xom's teddy bear.
You were full.

You visited 1 branch of the dungeon, and saw 6 of its levels.

You collected 357 gold pieces.

Inventory:

Hand Weapons
 a - a +0 short sword of chaos (weapon)
Armour
 b - a +2 leather armour
 d - a +0 plate armour (worn)
 s - a +0 pair of boots (worn)
Jewellery
 f - an uncursed amulet of harm {unknown}
 g - a ring of see invisible (right hand)
 q - an amulet of rage (around neck)
 t - an uncursed ring of protection from fire {unknown}
Wands
 e - a wand of disintegration (27)
Scrolls
 h - 3 scrolls of identify
 j - a scroll of teleportation
 m - a scroll of magic mapping
Potions
 k - a potion of heal wounds {unknown}
 o - a potion of curing
 r - a potion of degeneration {unknown}
Comestibles
 c - 6 rations


   Skills:
 - Level 3.6 Fighting
 + Level 11.3 Short Blades
 - Level 2.4 Armour
 - Level 1.1 Dodging


You had 7 spell levels left.
You didn't know any spells.
Your spell library was empty.

Dungeon Overview and Level Annotations

Branches:
Dungeon (6/15)             Temple (0/1) D:4

Altars:
Elyvilon
Hepliaklqana
Okawaru
Ru
Sif Muna
Wu Jian
Xom
Yredelemnul
The Shining One


Innate Abilities, Weirdness & Mutations

You reflexively headbutt those who attack you in melee.
You have a pair of horns on your head.
You are mostly covered in slimy green scales. (AC +3)
You can translocate small distances at will.
You possess an exceptional clarity of mind.
You evolve.
You expend magic power (3 MP) to strengthen your wands.


Message History

The harpy looks more healthy.
The harpy claws you. The harpy claws you but does no damage.
The harpy screeches!
The harpy barely misses you. The harpy claws you but does no damage.
The harpy screeches!
The harpy claws you!
* * * LOW HITPOINT WARNING * * *
The harpy claws you but does no damage.
The harpy screeches!
The harpy closely misses you. The harpy barely misses you. The harpy claws you!
* * * LOW HITPOINT WARNING * * *
The harpy barely misses you.
You closely miss the harpy. Your headbutt misses the harpy.
The harpy is severely wounded.
The harpy claws you.
* * * LOW HITPOINT WARNING * * *
The harpy claws you.
* * * LOW HITPOINT WARNING * * *
The harpy claws you.
You die...

### #.. ∆ #. #.# ... #..
#.# #.# #.# ##.# #.#
#.### #..# #.# ##
#...###..## ##.#####.
#.H@.....###........
##........##........ #
##..................
...###......###..........
............####.........
######...................
###.))..............
##))†########......
######.).## ##.....


You could see a harpy.

Vanquished Creatures
  A hungry ghost (D:6)
  A black bear (D:6)
  2 bullfrogs
  A killer bee (D:5)
  A crimson imp (D:6)
  A bullfrog zombie (D:6)
  2 hounds
  A jelly (D:5)
  A centaur skeleton (D:4)
  A bullfrog skeleton (D:6)
  6 orc wizards
  2 iguanas (D:5)
  A worker ant (D:5)
  5 adders
  11 gnolls
  4 river rats (D:5)
  A shadow imp (D:5)
  An ooze (D:2)
  An adder skeleton (D:6)
  A worm (D:2)
  3 dart slugs
  2 leopard geckos
  25 orcs
  9 bats
  5 giant cockroaches
  7 goblins
  7 hobgoblins
  A jackal (shapeshifter) (D:6)
  16 jackals
  7 kobolds
  2 quokkas
  5 ball pythons
  A ball python skeleton (D:4)
  7 frilled lizards
  A quokka zombie (D:5)
  12 rats
  A plant (D:5)
156 creatures vanquished.

Vanquished Creatures (collateral kills)
  An ogre (D:4)
  2 orcs (D:4)
3 creatures vanquished.

Grand Total: 159 creatures vanquished

Notes
Turn   | Place    | Note
-------+----------+-------------------------------------------
     0 | D:1      | kremius the Minotaur Chaos Knight began the quest for the
                  | Orb.
     0 | D:1      | Reached XP level 1. HP: 19/19 MP: 0/0
    37 | D:1      | XOM: potion effect (might)
    85 | D:1      | Reached skill level 4 in Short Blades
    85 | D:1      | Reached XP level 2. HP: 26/26 MP: 1/1
   440 | D:1      | XOM: silly message
   441 | D:1      | XOM: potion effect (berserk rage)
   643 | D:1      | XOM is BORED!
   643 | D:1      | XOM: harmless Chrm miscast
   665 | D:1      | Reached XP level 3. HP: 25/31 MP: 2/2
   894 | D:2      | Reached skill level 5 in Short Blades
  1195 | D:2      | Found a white marble altar of Elyvilon.
  1195 | D:2      | XOM: 2-stop teleportation journey
  1322 | D:2      | Found a basalt altar of Yredelemnul.
  1487 | D:2      | Reached XP level 4. HP: 39/39 MP: 3/3
  1854 | D:2      | Reached skill level 6 in Short Blades
  2051 | D:3      | Reached XP level 5. HP: 40/45 MP: 4/4
  2196 | D:3      | Reached skill level 7 in Short Blades
  2198 | D:3      | XOM: 2-stop teleportation journey
  2401 | D:3      | XOM: scenery: create altars
  2585 | D:3      | XOM: summons 3 friendly demons
  2902 | D:3      | Reached XP level 6. HP: 46/51 MP: 5/5
  3001 | D:3      | Found an ornate altar of the Wu Jian Council.
  3246 | D:4      | XOM: scenery: create altars
  3252 | D:4      | XOM: summons friendly iron imp
  3256 | D:4      | XOM: summons friendly iron imp
  3261 | D:4      | Reached skill level 8 in Short Blades
  3520 | D:4      | XOM: give mutations
  3520 | D:4      | Gained mutation: You evolve. [Xom's grace]
  3520 | D:4      | Gained mutation: You are partially covered in slimy green
                  | scales. (AC +2) [Xom's grace]
  3520 | D:4      | Gained mutation: You can translocate small distances at
                  | will. [Xom's grace]
  3551 | D:4      | Found a staircase to the Ecumenical Temple.
  3584 | D:4      | XOM: give mutation
  3584 | D:4      | Gained mutation: You expend magic power (3 MP) to
                  | strengthen your wands. [Xom's grace]
  3667 | D:4      | Found a deep blue altar of Sif Muna.
  3719 | D:4      | XOM: cloud trail
  3979 | D:4      | XOM: mild Erth miscast
  4012 | D:4      | XOM: medium Tloc miscast
  4308 | D:4      | Found an iron altar of Okawaru.
  4442 | D:4      | XOM: divination: magic mapping
  4488 | D:5      | Entered Level 5 of the Dungeon
  4563 | D:5      | XOM: cloud trail
  4628 | D:5      | XOM: cleaving
  4629 | D:5      | Reached skill level 9 in Short Blades
  4629 | D:5      | Reached XP level 7. HP: 57/57 MP: 6/6
  4819 | D:5      | XOM: polymorph orc wizard -> killer bee
  4827 | D:5      | XOM: summons friendly crimson imp
  5119 | D:5      | Got a colourful robe
  5130 | D:5      | Identified the cursed +0 robe "Odwan" {Str-5 Int+9} (You
                  | found it on level 5 of the Dungeon)
  5326 | D:5      | XOM: give mutations
  5326 | D:5      | Gained mutation: You are mostly covered in slimy green
                  | scales. (AC +3) [Xom's grace]
  5326 | D:5      | Gained mutation: You possess an exceptional clarity of
                  | mind. [Xom's grace]
  5355 | D:5      | Found a glowing golden altar of the Shining One.
  5355 | D:5      | Found a sacrificial altar of Ru.
  5396 | D:5      | Reached skill level 10 in Short Blades
  5682 | D:6      | Noticed a hungry ghost
  5688 | D:6      | XOM: noise
  5704 | D:6      | Paralysed by fainting for 5 turns
  5721 | D:6      | Killed a hungry ghost
  5721 | D:6      | Reached XP level 8. HP: 48/64 MP: 7/7
  5741 | D:6      | XOM: cast spell 'Discord'
  5825 | D:6      | Found a shimmering altar of Xom.
  5826 | D:6      | Found a hazy altar of Hepliaklqana.
  5827 | D:6      | Noticed a spectral ugly thing
  5883 | D:6      | Reached skill level 11 in Short Blades
  5894 | D:6      | XOM: polymorph jackal -> orc
  5899 | D:6      | XOM: cast spell 'Statue Form'
  5915 | D:6      | Noticed a harpy
  5915 | D:6      | a black bear changed into a harpy
  5924 | D:6      | XOM: potion effect (invisibility)
  5927 | D:6      | XOM: divination: detect items
  5931 | D:6      | HP: 1/64 [harpy (3)]
  5931 | D:6      | Slain by a harpy

Vault maps used:
D:1:      dpeg_arrival_solitude, st_stairs_13, minmay_pentomino_s4
D:2:      kennysheep_ying_yang, kennysheep_generic_room_11
D:3:      marbit_many_paths, first_ration, minmay_liquid_box
D:4:      nicolae_overflow_hidden_temple, old_standard_altar,
          minmay_temple_entry_tees, fountainhead
D:5:      gammafunk_temple_overflow_wave, portal_sewer_entry_e,
          kennysheep_another_room
D:6:      regret_index_temple_of_mockery, lemuel_crystal_altar,
          nicolae_overflow_crystal_walls, chequers_serial_rivers_large_a,
          nicolae_elemental_shop, minmay_misc_feat_doors

Skill      XL: |  1  2  3  4  5  6  7  8 |
---------------+-------------------------+-----
Short Blades   | 4 5 6 7 9 10 11 | 11.3
Fighting       | |  3.6
Armour         | |  2.4
Dodging        | |  1.1

Action                   |  1- 3 |  4- 6 |  7- 9 || total
-------------------------+-------+-------+-------++-------
Melee: Short sword       |    87 |   192 |   180 ||   459
       Headbutt          |     6 |    27 |    26 ||    59
  Use: Scroll            |     2 |     3 |     4 ||     9
       Potion            |       |     4 |     1 ||     5
 Stab: Paralysed         |     1 |       |     1 ||     2
       Petrifying        |       |     1 |       ||     1
       Petrified         |       |     1 |       ||     1
  Eat: Chunk             |     2 |     8 |     3 ||    13
       Ration            |       |     2 |     2 ||     4
Armor: Leather armour    |    22 |       |       ||    22
       Plate armour      |    63 |   139 |   184 ||   386
       Skin              |       |       |    21 ||    21
Dodge: Dodged            |    75 |    54 |    87 ||   216

Table legend:
 A = Non-vault XP
 B = Vault XP
 C = Vault XP percentage of total XP
 D = Non-vault monster count
 E = Vault monster count
 F = Vault count percentage of total count
                 A         B        C        D         E       F
            +---------+---------+-------+---------+---------+-------
      Total |    1732 |      68 |   3.8 |     143 |      15 |   9.5
            +---------+---------+-------+---------+---------+-------
        D:1 |      34 |       8 |  19.0 |      18 |       5 |  21.7
        D:2 |     116 |       2 |   1.7 |      35 |       1 |   2.8
        D:3 |     300 |       1 |   0.3 |      36 |       1 |   2.7
        D:4 |     218 |       0 |   0.0 |      18 |       0 |   0.0
        D:5 |     456 |      57 |  11.1 |      18 |       8 |  30.8
        D:6 |     608 |       0 |   0.0 |      18 |       0 |   0.0
            +---------+---------+-------+---------+---------+-------
